 Dungeon Crawl Stone Soup version 0.30-a0-393-g54b8e3be05 (webtiles) character file.

Game seed: 10400630595866330602

67 NinjaNoafa the Insei (level 4, 0/28 HPs)
             Began as an Octopode Transmuter on Dec 5, 2022.
             Slain by a hobgoblin (5 damage)
             ... on level 3 of the Dungeon.
             The game lasted 00:04:01 (1534 turns).

NinjaNoafa the Insei (Octopode Transmuter)          Turns: 1534, Time: 00:04:02

Health: 0/28       AC:  1    Str:  9    XL:     4   Next: 16%
Magic:  5/7        EV: 13    Int: 17    God:
Gold:   58         SH:  0    Dex: 12    Spells: 4/7 levels left

rFire   . . .      SeeInvis .      - Unarmed
rCold   . . .      Faith    .    (no shield)
rNeg    . . .      Spirit   .    (helmet currently unavailable)
rPois   .          Reflect  .    (no amulet)
rElec   .          Harm     .    (no ring)
rCorr   .          Rampage  .    (no ring)
Will    .....                    (no ring)
Stlth   +++.......               (no ring)
HPRegen 0.24/turn                (no ring)
MPRegen 0.10/turn                (no ring)
                                 (no ring)
                                 (no ring)

@: appendages, wereblooded
A: tentacle spike 3, almost no armour, amphibious, 8 rings, camouflage 1,
gelatinous body 1, (nimble swimmer 1), tentacles
a: End Transformation


You were on level 3 of the Dungeon.
One of your tentacles had grown a beastly spike.
You visited 1 branch of the dungeon, and saw 3 of its levels.

You collected 82 gold pieces.
You spent 24 gold pieces at shops.

Inventory:

Missiles
 e - 3 poisoned darts
 f - 17 stones
Scrolls
 b - a scroll of blinking {unknown}
 c - a scroll of identify
 d - a scroll of enchant armour {unknown}
 i - 2 scrolls of torment {unknown}
 k - a scroll of summoning {unknown}
Potions
 a - a potion of magic {unknown}
 g - a potion of curing
 h - 2 potions of mutation
 j - 2 potions of might


   Skills:
 - Level 1.6 Fighting
 - Level 2.4 Dodging
 + Level 2.2 Stealth
 - Level 3.3 Unarmed Combat
 - Level 2.3 Spellcasting
 - Level 2.5 Transmutations


You had 4 spell levels left.
You knew the following spells:

 Your Spells              Type           Power      Damage    Failure   Level
a - Beastly Appendage     Tmut           20%        N/A       7%          1
b - Wereblood             Tmut           10%        N/A       10%         2

Your spell library contained the following spells:

 Spells                   Type           Power      Damage    Failure   Level
 Spider Form              Tmut/Pois      6%         N/A       32%         3
 Ice Form                 Ice/Tmut       6%         N/A       73%         4


Dungeon Overview and Level Annotations

Branches:
Dungeon (3/15)

Altars:

Shops:
D:2 ([?


Innate Abilities, Weirdness & Mutations

One of your tentacles has grown a beastly spike.
You cannot wear most types of armour.
You are amphibious.
You can wear up to eight rings at the same time.
Your skin changes colour to match your surroundings (Stealth+).
Your rubbery body absorbs attacks. (AC +1, EV +1)
((You are camouflaged when in or above water. (Stealth+)))
You have tentacles for arms and can constrict up to eight enemies at once.


Message History

The bat is moderately wounded.
You constrict the bat. The bat closely misses you.
The quokka closely misses you.
The bat struggles to escape constriction.
You barely miss the bat.
The bat is severely wounded.
You constrict the bat, but do no damage.
The bat hits you but does no damage. x2; The orc hits you with a +0 club.
The quokka bites you. The hobgoblin misses you.
The orc hits you with a +0 club.
* * * LOW HITPOINT WARNING * * *
The bat struggles to escape constriction.
You tentacle-slap the orc. You grab the orc.
You pierce the orc.
You squeeze the orc.
You feel a bit better.
You kill the orc!
You constrict the bat.
You feel a bit better.
You kill the bat!
The quokka bites you.
* * * LOW HITPOINT WARNING * * *
The hobgoblin closely misses you. The orc hits you with a +0 club.
* * * LOW HITPOINT WARNING * * *
The quokka bites you but does no damage.
You tentacle-slap the orc. Your grab misses the orc.
Your squeeze misses the orc.
The orc is severely wounded.
The hobgoblin hits you.
* * * LOW HITPOINT WARNING * * *
The orc barely misses you. The quokka closely misses you.
You feel better. The orc closely misses you. The hobgoblin closely misses you.
The quokka closely misses you.
You barely miss the orc. You grab the orc.
The orc is severely wounded.
You constrict the orc, but do no damage.
The hobgoblin barely misses you. The orc hits you with a +0 club.
* * * LOW HITPOINT WARNING * * *
The quokka barely misses you.
You completely miss the orc. You squeeze the orc.
You feel a bit better.
You kill the orc!
The hobgoblin hits you.
You die...

# .# # .# # .#
###+#######+#######'####
................)r......
.......$.......†@)......
.†.........†$....g.....#
###+#######+#######'####
# .# # .# .# #


You could see a quokka and a hobgoblin.

Vanquished Creatures
  An adder (D:2)
  A worm (D:2)
  2 dart slugs
  4 orcs (D:3)
  2 endoplasms
  2 giant cockroaches (D:1)
  8 goblins (D:1)
  5 hobgoblins
  4 jackals (D:3)
  A quokka (D:1)
  3 ball pythons
  2 bats (D:3)
  3 frilled lizards
  4 kobolds (D:1)
  3 rats
45 creatures vanquished.

Vanquished Creatures (others)
  2 plants (D:1)
2 creatures vanquished.

Grand Total: 47 creatures vanquished

Notes
Turn   | Place    | Note
-------+----------+-------------------------------------------
     0 | D:1      | NinjaNoafa the Octopode Transmuter began the quest for the
                  | Orb.
     0 | D:1      | Reached XP level 1. HP: 13/13 MP: 3/3
    39 | D:1      | Reached XP level 2. HP: 18/18 MP: 3/5
   277 | D:1      | Reached XP level 3. HP: 16/23 MP: 4/6
   766 | D:2      | Learned a level 2 spell: Wereblood
   909 | D:2      | Found Leipiwnu's Armour Boutique.
   909 | D:2      | Found Buaregg's Weapon Boutique.
  1037 | D:2      | Found a faded altar of an unknown god.
  1038 | D:2      | Noticed a shining eye
  1041 | D:2      | Noticed a shining eye
  1041 | D:2      | Noticed a golden eye
  1041 | D:2      | Noticed a golden eye
  1062 | D:2      | Found Gisidet's Magic Scroll Emporium.
  1068 | D:2      | Bought a scroll of identify for 24 gold pieces
  1259 | D:2      | Reached skill level 1 in Stealth
  1435 | D:3      | Reached XP level 4. HP: 28/28 MP: 4/7
  1531 | D:3      | HP: 1/28 [hobgoblin (4)]
  1534 | D:3      | Slain by a hobgoblin

Illustrated notes

Levels and vault maps discovered:
D:1:      heliophobic_arrival_enchanted_forest, layout_rooms, serial_bayou,
          serial_bayou_ford_a, serial_bayou_pond_b, serial_bayou_shore_a,
          serial_bayou_pond_e
D:2:      layout_loops_ring, hellmonk_ecumenical_altar_watching_god,
          serial_shops, shop, nicolae_shop_waterfront, shop,
          hangedman_decor_riveting
D:3:      kennysheep_six_static_rooms, layout_basic, serial_shops, shop

Skill      XL: |  1  2  3  4 |
---------------+-------------+-----
Stealth        | 1 2 |  2.2
Fighting       | |  1.6
Dodging        | |  2.4
Unarmed Combat | |  3.3
Spellcasting   | |  2.3
Transmutations | |  2.5

Action                   |  1- 3 |  4- 6 || total
-------------------------+-------+-------++-------
Melee: Unarmed           |    59 |    16 ||    75
       Kick              |    24 |     2 ||    26
       Constrict         |    18 |     6 ||    24
       Tentacles         |    13 |     3 ||    16
       Punch             |     1 |       ||     1
 Cast: Beastly Appendage |    18 |     3 ||    21
       Wereblood         |     1 |     1 ||     2
  Use: Scroll            |     3 |       ||     3
       Potion            |     1 |     1 ||     2
 Stab: Sleeping          |     2 |     1 ||     3
Armor: Skin              |     3 |     5 ||     8
Dodge: Dodged            |    41 |    23 ||    64

Table legend: (Time is in decaauts)
 A = Elapsed time spent in this place.
 B = Non-inter-level travel time spent in this place.
 C = Inter-level travel time spent in this place.
 D = Time resting spent in this place.
 E = Time spent auto-exploring this place.
 F = Levels seen in this place.
 G = Mean time per level.
                   A        B        C        D        E       F      G
               +--------+--------+--------+--------+--------+-----+--------+
         Total |   1529 |   1498 |     31 |      0 |   1216 |   3 |  509.7 |
       Dungeon |   1529 |   1498 |     31 |      0 |   1216 |   3 |  509.7 |
               +--------+--------+--------+--------+--------+-----+--------+

Top non-repeatable levels by time:
     D:1: 719 daAuts
     D:2: 695 daAuts
     D:3: 115 daAuts
